 Dungeon Crawl Stone Soup version 0.28.0 (webtiles) character file.

Game seed: 8257308127526840510

2933 crazypyro the Fighter (level 9, -2/97 HPs)
             Began as an Ogre Monk on Feb 15, 2022.
             Was an Initiate of Yredelemnul.
             Slain by an orc (3 damage)
             ... on level 7 of the Dungeon.
             The game lasted 00:11:56 (8681 turns).

crazypyro the Fighter (Ogre Monk)                   Turns: 8681, Time: 00:11:56

Health: -2/97      AC:  8    Str: 21    XL:     9   Next: 80%
Magic:  12/12      EV: 11    Int: 11    God:    Yredelemnul [......]
Gold:   354        SH:  5    Dex: 11    Spells: 8/8 levels left

rFire   + . .      SeeInvis +   t - +10 giant club
rCold   . . .      Faith    .   (shield currently unavailable)
rNeg    . . .      Spirit   .   A - +0 steam dragon scales
rPois   .          Reflect  +   (helmet restricted)
rElec   .          Harm     .   h - +1 cloak
rCorr   .          Rampage  .   (gloves unavailable)
Will    .....                   (boots unavailable)
Stlth   ++........              p - amulet of reflection
HPRegen 0.26/turn               n - ring of protection from fire
MPRegen 0.13/turn               x - ring of see invisible

@: lethally poisoned (-2 -> -7), studying Evocations
A: large, unfitting armour, tough skin 1
a: Renounce Religion, Recall Undead Harvest


You were on level 7 of the Dungeon.
You worshipped Yredelemnul.
Yredelemnul was noncommittal.
You visited 1 branch of the dungeon, and saw 8 of its levels.

You collected 354 gold pieces.

Inventory:

Hand Weapons
 a - a +0 mace
 k - a +0 flail
 s - the +8 demon blade "Leech" {vamp, Harm Drain rN+}
   (You found it on level 4 of the Dungeon)

   It heals its wielder for a portion of the damage dealt every time it strikes
   a living foe.
   rN:        It protects you from negative energy.
   Drain:     It drains your maximum health when unequipped.
   Harm:      It increases damage dealt and taken.
 t - a +10 giant club (weapon)
Armour
 b - a +0 robe
 h - a +1 cloak (worn)
 A - +0 steam dragon scales (worn)
Jewellery
 l - a ring of ice
 n - a ring of protection from fire (left hand)
 p - an amulet of reflection (around neck)
 x - a ring of see invisible (right hand)
 C - an amulet of the acrobat
Wands
 y - a wand of digging (4)
Scrolls
 d - a scroll of vulnerability {unknown}
 g - 3 scrolls of enchant armour
 o - a scroll of brand weapon {unknown}
 q - 2 scrolls of identify
 r - 3 scrolls of fog {unknown}
 u - 2 scrolls of noise {unknown}
 v - 2 scrolls of teleportation {unknown}
 z - a scroll of silence {unknown}
 D - a scroll of immolation {unknown}
 E - 2 scrolls of holy word {unknown}
 F - a scroll of torment {unknown}
 G - a scroll of enchant weapon {unknown}
Potions
 e - a potion of flight {unknown}
 f - 3 potions of haste
 i - 2 potions of mutation {unknown}
 m - 2 potions of attraction {unknown}
 w - a potion of brilliance {unknown}
 B - a potion of lignification {unknown}


   Skills:
 + Level 8.8 Fighting
 - Level 1.3 Long Blades
 * Level 8.0 Maces & Flails
 + Level 6.0 Dodging
 - Level 1.5 Stealth
 - Level 5.2 Invocations
 + Level 3.1 Evocations


You had 8 spell levels left.
You didn't know any spells.
Your spell library contained the following spells:

 Spells                   Type           Power      Damage    Failure   Level
 Ozocubu's Armour         Ice            0%         N/A       71%         3
 Portal Projectile        Hex/Tloc       0%         N/A       71%         3
 Blade Hands              Tmut           0%         N/A       100%        5
 Excruciating Wounds      Necr           0%         N/A       100%        5
 Ozocubu's Refrigeration  Ice            0%         4d5       100%        7


Dungeon Overview and Level Annotations

Branches:
Dungeon (8/15)             Temple (0/1) D:7            Lair (0/6) D:8

Altars:
Cheibriados
Fedhas
Gozag
Sif Muna
Yredelemnul

Annotations:
D:5 exclusion: oklob plant
D:7 3 runed translucent doors, Daunt's ghost, novice GrFi
D:8 Grum


Innate Abilities, Weirdness & Mutations

You are too large for most types of armour.
You have tough skin. (AC +1)


Message History

* * * LOW HITPOINT WARNING * * *
You block the killer bee's attack.
You feel much better. The killer bee stings you.
* * * LOW HITPOINT WARNING * * *
You are poisoned.
The killer bee poisons you! The killer bee stings you.
* * * LOW HITPOINT WARNING * * *
You are more poisoned.
The killer bee poisons you! The killer bee misses you.
Grum hits you from afar with a +1 spear!
* * * LOW HITPOINT WARNING * * *
The orc hits you with a +0 mace.
* * * LOW HITPOINT WARNING * * *
* * * LOW HITPOINT WARNING * * *
You feel very sick. You block the killer bee's attack.
Found 11 stones.
* * * LOW HITPOINT WARNING * * *
You feel sick. You block the killer bee's attack.
The killer bee barely misses you.
There is a stone staircase leading up here.
You feel better.
The killer bee stings you but does no damage.
The killer bee stings you.
* * * LOW HITPOINT WARNING * * *
You block the killer bee's attack. The orc closely misses you.
Okay, then.
The orc closely misses you. Grum completely misses you.
You climb upwards.
Level annotation: 3 runed translucent doors, Daunt's ghost, novice GrFi
There is a stone staircase leading down here.
The killer bee stings you but does no damage.
The killer bee misses you. The orc hits you with a +0 mace.
* * * LOW HITPOINT WARNING * * *
The killer bee closely misses you. The killer bee stings you.
* * * LOW HITPOINT WARNING * * *
You are lethally poisoned!
The killer bee poisons you! The orc hits you with a +0 mace.
You die...
Your body rises from the dead as a mindless zombie.

...................#...#.........
##..##..##.......#.##.##.........
#........#..........P.P..........
.....Z............#..............
...>...........#.##..............
#........#####.#.##..............
#........###...#O##.##.....#.....
..........##...y.o..#####.#######
..........#..###@#.####...#
#........#...###...#....###
##..##..##...#.........##
...............#.###.###
#...........#....###.###########
..#..###......##.##..##...##...##
.###.###.#..#..#.##.##..........#
.# #..##...#...#....#............
## ##.....##.#.#..###............


You could see a two-headed ogre, a killer bee (drained) and an orc.

Vanquished Creatures
  Maggie (D:6)
  An orc warrior (D:7)
  A water moccasin (D:5)
  A sky beast (D:6)
  2 black bears
  An ice beast (D:8)
  2 necrophages
  An ogre (D:7)
  2 centaurs
  2 wolves (D:8)
  A kobold brigand (D:8)
  2 bullfrogs
  A gnoll sergeant (D:4)
  2 scorpions
  A wyvern skeleton (D:7)
  A water moccasin skeleton (D:5)
  6 killer bees
  2 howler monkeys
  2 hounds
  A jelly (D:7)
  A gnoll shaman (D:5)
  2 orc priests
  Terence (D:2)
  2 iguanas (D:4)
  2 orc wizards (D:7)
  A howler monkey skeleton (D:6)
  Robin (D:2)
  9 adders
  7 gnolls
  2 shadow imps
  2 white imps
  An adder skeleton (D:4)
  A dart slug (D:4)
  21 orcs
  7 endoplasms
  2 giant cockroaches
  13 goblins
  4 hobgoblins
  2 quokkas
  10 ball pythons
  2 bats
  5 frilled lizards
  16 kobolds
  6 rats
153 creatures vanquished.

Vanquished Creatures (collateral kills)
  A killer bee (D:8)
  A gnoll (D:5)
  8 orcs
  2 bats (D:1)
  An endoplasm (D:1)
  7 goblins
  A hobgoblin (D:1)
  3 kobolds
  2 rats (D:1)
26 creatures vanquished.

Vanquished Creatures (others)
  A spectral ice beast (D:8)
  A bullfrog zombie (D:8)
  A centaur zombie (D:5)
  A killer bee zombie (D:8)
  A howler monkey zombie (D:5)
  An adder zombie (D:4)
  A spectral shadow imp (D:8)
  4 bat zombies
  A dart slug zombie (D:4)
  A frilled lizard zombie (D:2)
  4 gnoll zombies
  6 goblin zombies (D:2)
  3 hobgoblin zombies
  5 kobold zombies (D:8)
  10 orc zombies
  23 fungi (D:5)
  73 plants
137 creatures vanquished.

Grand Total: 316 creatures vanquished

Notes
Turn   | Place    | Note
-------+----------+-------------------------------------------
     0 | D:1      | crazypyro the Ogre Monk began the quest for the Orb.
     0 | D:1      | Reached XP level 1. HP: 24/24 MP: 1/1
   418 | D:1      | Reached XP level 2. HP: 32/32 MP: 2/2
   465 | D:1      | Found a faded altar of an unknown god.
   560 | D:1      | Prayed at the altar of an unknown god.
   560 | D:1      | Became a worshipper of Yredelemnul the Dark
   560 | D:1      | Reached * piety under Yredelemnul
   560 | D:1      | Reached ** piety under Yredelemnul
   901 | D:1      | Reached XP level 3. HP: 39/40 MP: 3/3
  1105 | D:2      | Noticed Robin
  1349 | D:2      | Killed Robin
  1534 | D:2      | Noticed Terence
  1557 | D:2      | Killed Terence
  1558 | D:2      | Reached skill level 1 in Invocations
  1558 | D:2      | Reached XP level 4. HP: 13/49 MP: 4/4
  1561 | D:2      | Your ally Robin died
  2608 | D:3      | Reached skill level 5 in Fighting
  2608 | D:3      | Reached XP level 5. HP: 57/57 MP: 4/6
  2765 | D:3      | Found a snail-covered altar of Cheibriados.
  2766 | D:3      | Found an opulent altar of Gozag.
  3649 | D:4      | Found the +8 demon blade "Leech" {vamp, Harm Drain rN+}
  3729 | D:4      | Reached XP level 6. HP: 21/66 MP: 7/7
  3742 | D:4      | Reached skill level 1 in Long Blades
  4801 | D:4      | Reached XP level 7. HP: 34/70 MP: 7/9
  5182 | D:5      | Entered Level 5 of the Dungeon
  5700 | D:5      | Reached skill level 5 in Maces & Flails
  6039 | D:5      | Found a blossoming altar of Fedhas.
  6043 | D:5      | Reached XP level 8. HP: 83/84 MP: 10/10
  6055 | D:5      | Noticed an oklob plant
  6352 | D:5      | Found a shimmering blue altar of Sif Muna.
  6752 | D:6      | Noticed Maggie
  6759 | D:6      | Killed Maggie
  6760 | D:6      | Reached skill level 5 in Dodging
  6784 | D:6      | Reached skill level 5 in Invocations
  6784 | D:6      | Reached XP level 9. HP: 26/94 MP: 12/12
  7203 | D:6      | Identified the +4 ring mail of Waejogep {Regen+ rCorr
                  | Slay-4 Stlth+}
  7241 | D:6      | Identified a scroll of acquirement
  7241 | D:6      | Acquired a manual of Evocations
  7690 | D:7      | Reached skill level 1 in Evocations
  8043 | D:7      | Noticed a two-headed ogre
  8219 | D:7      | Found a staircase to the Ecumenical Temple.
  8314 | D:7      | Found a runed translucent gate.
  8314 | D:7      | Found a runed translucent gate.
  8314 | D:7      | Found a runed translucent gate.
  8316 | D:7      | Noticed a deep elf pyromancer
  8318 | D:7      | Noticed Daunt's ghost (novice GrFi)
  8613 | D:8      | Found a staircase to the Lair.
  8650 | D:8      | Noticed Grum
  8650 | D:8      | Noticed a two-headed ogre
  8652 | D:8      | Reached *** piety under Yredelemnul
  8676 | D:8      | HP: 4/97 [poisoned by a killer bee]
  8681 | D:7      | HP: 1/97 [killer bee (3)]
  8681 | D:7      | Slain by an orc

Illustrated notes

Levels and vault maps discovered:
D:1:      heliophobic_arrival_battle_scene, layout_basic,
          chequers_ecumenical_altar_island
D:2:      layout_loops_ring, uniq_robin, uniq_terence
D:3:      layout_basic, gammafunk_temple_overflow_pools
D:4:      minmay_chambers_of_fours, layout_cave_pods, lemuel_flame_loot_1
D:5:      layout_basic, led_sif_book, tgw_fedhas, minmay_diced_spiral
D:6:      layout_rooms, uniq_maggie
D:7:      layout_rooms, minmay_temple_entry_gardened_gates,
          gammafunk_ghost_split, enter_ossuary_1, st_stairs_5, sigmund_army
D:8:      layout_rooms, grunt_qazlal_sundering, lair_entry_dummy,
          kennysheep_generic_room_13, uniq_grum

Skill      XL: |  1  2  3  4  5  6  7  8  9 |
---------------+----------------------------+-----
Maces & Flails | 3 4 5 6 8 |  8.0
Dodging        | 3 4 5 6 |  6.0
Invocations    | 1 2 3 5 |  5.2
Fighting       | 5 6 7 8 |  8.8
Long Blades    | 1 |  1.3
Evocations     | 3 |  3.1
Stealth        | |  1.5

Action                   |  1- 3 |  4- 6 |  7- 9 || total
-------------------------+-------+-------+-------++-------
Melee: Mace              |    98 |     5 |       ||   103
       Punch             |     2 |       |       ||     2
       Flail             |       |    92 |       ||    92
       Demon blade       |       |    31 |       ||    31
       Giant club        |       |    26 |   161 ||   187
  Use: Scroll            |       |       |     7 ||     7
       Potion            |       |       |     7 ||     7
 Stab: Sleeping          |     2 |     3 |     1 ||     6
       Distracted        |     1 |     1 |       ||     2
Armor: Robe              |    34 |    55 |    13 ||   102
       Steam dragon scal |       |       |    54 ||    54
Dodge: Dodged            |    64 |    65 |   112 ||   241
Block: Other             |       |     6 |    50 ||    56
       Reflection        |       |       |     2 ||     2
